[Event "Balkan Youth Online-ch 2020"]
[Site "Online"]
[Date "2020.10.31"]
[Round "2.34"]
[White "Shtavica, Alaudin"]
[Black "Xheladini, Valton"]
[Result "0-1"]
[ECO "B13"]
[WhiteElo "1323"]
[BlackElo "1440"]
[Annotator "NA RC"]
[PlyCount "144"]
[EventDate "2020.10.31"]
[EventType "swiss"]
[SourceTitle "playchess.com"]
[Source "ChessBase"]
[SourceQuality "1"]
[TimeControl "5400+30"]

1. e4 c6 2. d4 d5 3. exd5 cxd5 4. Bb5+ Bd7 5. Nc3 Bxb5 6. Nxb5 Qa5+ 7. Nc3 Nc6 8. Nf3 e6 9. O-O Nf6 10. Bd2 Bb4 11. a3 Bxc3 12. Bxc3 Qc7 13. h3 Rc8 14. Re1 Ne4 15. Bd2 O-O 16. Qc1 Na5 17. b3 Nxd2 18. Qxd2 Qc3 19. Qxc3 Rxc3 20. Re2 Rfc8 21. Ra2 b6 22. Ne5 h5 23. Rb2 f6 24. Ng6 Kf7 25. Nf4 R8c6 26. Nxh5 Nb7 27. Nf4 g5 28. Nd3 Nd6 29. Nb4 Rc8 30. a4 Ne4 31. Nd3 b5 32. axb5 Rb8 33. b4 Rxb5 34. Ra2 Rc7 35. Nc5 Nc3 36. Nxe6 Nxe2+ 37. Kf1 Ng3+ 38. fxg3 Kxe6 39. c3 Rxc3 40. Ra6+ Rb6 41. Rxa7 Rxg3 42. Ra2 Rxb4 43. Ra6+ Kf5 44. Kf2 Rc3 45. Ra2 Rxd4 46. Ke1 Rc1+ 47. Ke2 Rdc4 48. Kd2 Rg1 49. Kd3 Rcc1 50. Ke3 Rge1+ 51. Kf3 Ke5 52. Kg3 f5 53. Ra8 d4 54. Re8+ Kd5 55. Rd8+ Kc4 56. Rc8+ Kd3 57. Rf8 Re3+ 58. Kh2 f4 59. h4 Ree1 60. Kh3 gxh4 61. Kxh4 Re4 62. Rf7 f3+ 63. Kh3 fxg2 64. Kxg2 Re3 65. Rf2 Rc2 66. Rxc2 Kxc2 67. Kf1 d3 68. Kf2 Re8 69. Kf3 d2 70. Kg3 d1=Q 71. Kh4 Rg8 72. Kh3 Qh1# 0-1

[Event "Balkan Youth Online-ch 2020"]
[Site "Online"]
[Date "2020.10.31"]
[Round "2.55"]
[White "Levstik Taja"]
[Black "Siskou, Evangelia"]
[Result "0-1"]
[ECO "C56"]
[WhiteElo "1342"]
[BlackElo "1339"]
[Annotator "NA RC"]
[PlyCount "58"]
[EventDate "2020.10.31"]
[EventType "swiss"]
[SourceTitle "playchess.com"]
[Source "ChessBase"]
[SourceQuality "1"]
[TimeControl "5400+30"]

1. e4 e5 2. Nf3 Nc6 3. Bc4 Nf6 4. d4 exd4 5. O-O Bc5 6. Re1 O-O 7. c3 dxc3 8. Nxc3 d6 9. Bf4 Re8 10. Qc2 Ng4 11. Rf1 a6 12. Ng5 Be6 13. Bxe6 fxe6 14. e5 g6 15. Qd3 dxe5 16. Qh3 Nf6 17. Nce4 Nh5 18. g4 exf4 19. gxh5 Ne5 20. hxg6 Qe7 21. Nf6+ Qxf6 22. Qxh7+ Kf8 23. Nxe6+ Rxe6 24. g7+ Qxg7+ 25. Kh1 Qxh7 26. Rg1 Qe4+ 27. Rg2 Rg6 28. Rag1 Nd3 29. b3 Nxf2# 0-1

[Event "Balkan Youth Online-ch 2020"]
[Site "Online"]
[Date "2020.10.31"]
[Round "2.58"]
[White "Yurt, Nehir"]
[Black "Kontogianni, Vasiliki"]
[Result "1-0"]
[ECO "B50"]
[WhiteElo "1230"]
[BlackElo "1144"]
[Annotator "NA RC"]
[PlyCount "93"]
[EventDate "2020.10.31"]
[EventType "swiss"]
[SourceTitle "playchess.com"]
[Source "ChessBase"]
[SourceQuality "1"]
[TimeControl "5400+30"]

1. e4 c5 2. Nf3 d6 3. c3 Nf6 4. Be2 Nc6 5. d4 cxd4 6. cxd4 e6 7. Nc3 Be7 8. Be3 O-O 9. Qd2 b6 10. a3 Na5 11. Qc2 Bb7 12. b4 Nc6 13. Qd2 Rc8 14. O-O Qd7 15. Rac1 a6 16. Rfd1 b5 17. Bd3 h5 18. h3 Rfd8 19. e5 dxe5 20. dxe5 Nd5 21. Nxd5 Qxd5 22. Bh7+ Kxh7 23. Qc2+ Kg8 24. Rxd5 Rxd5 25. Qe2 Rcd8 26. Kh2 Rd3 27. Qb2 R3d5 28. Bc5 Bxc5 29. Rxc5 Rd3 30. Qc2 Rxa3 31. Rxc6 Bxc6 32. Qxc6 Ra1 33. Qe4 Ra4 34. Ng5 g6 35. Qf4 Rf8 36. Ne4 Kg7 37. Qf6+ Kh6 38. Qg5+ Kg7 39. g4 hxg4 40. Qxg4 Rxb4 41. Qh4 Rh8 42. Qf6+ Kg8 43. Ng5 Rh7 44. Nxh7 Kxh7 45. Qxf7+ Kh6 46. Qf8+ Kg5 47. Qxb4 1-0

[Event "Balkan Youth Online-ch 2020"]
[Site "Online"]
[Date "2020.10.31"]
[Round "2.59"]
[White "Caku, Kler"]
[Black "Timagina, Sofia"]
[Result "1-0"]
[ECO "C45"]
[WhiteElo "1199"]
[BlackElo "1127"]
[Annotator "NA RC"]
[PlyCount "117"]
[EventDate "2020.10.31"]
[EventType "swiss"]
[SourceTitle "playchess.com"]
[Source "ChessBase"]
[SourceQuality "1"]
[TimeControl "5400+30"]

1. e4 e5 2. Nf3 Nc6 3. d4 exd4 4. Nxd4 Bb4+ 5. c3 Bc5 6. Be3 Bb6 7. Be2 Nf6 8. Nd2 O-O 9. O-O Re8 10. Qc2 Qe7 11. Nxc6 dxc6 12. Bxb6 axb6 13. Bd3 Bg4 14. Rfe1 Rad8 15. e5 Nd7 16. Bxh7+ Kh8 17. Bd3 Nxe5 18. h3 Rxd3 19. hxg4 Qg5 20. Rxe5 Rxe5 21. Qxd3 Rd5 22. Nf3 Qxg4 23. Qe3 Kh7 24. Re1 f6 25. Qe4+ Qxe4 26. Rxe4 b5 27. Re7 Rd1+ 28. Kh2 b6 29. Rxc7 Rb1 30. Rxc6 Rxb2 31. Rxb6 Rxa2 32. Rxb5 Rc2 33. Rc5 Rxf2 34. Kg3 Rc2 35. c4 Kg8 36. Rc7 Rc3 37. Kf4 Kf8 38. Kf5 Ke8 39. Kg6 Kd8 40. Rc5 Kd7 41. Kxg7 Kd6 42. Rd5+ Ke6 43. Nd4+ Ke7 44. Nf5+ Ke6 45. Rc5 Rc2 46. Nd4+ Kd6 47. Rd5+ Ke7 48. Nxc2 Ke6 49. Rd1 f5 50. c5 f4 51. c6 Ke7 52. c7 f3 53. gxf3 Ke6 54. c8=Q+ Ke5 55. Qe8+ Kf4 56. Rd4+ Kxf3 57. Qe3+ Kg2 58. Rd2+ Kf1 59. Qe1# 1-0

[Event "Balkan Youth Online-ch 2020"]
[Site "Online"]
[Date "2020.10.31"]
[Round "2.60"]
[White "Aldea, Maria-Antonia"]
[Black "Beber, Anja"]
[Result "0-1"]
[ECO "A46"]
[WhiteElo "1181"]
[BlackElo "1285"]
[Annotator "NA RC"]
[PlyCount "108"]
[EventDate "2020.10.31"]
[EventType "swiss"]
[SourceTitle "playchess.com"]
[Source "ChessBase"]
[SourceQuality "1"]
[TimeControl "5400+30"]

1. d4 Nf6 2. Nf3 e6 3. g3 c5 4. c4 Be7 5. Bg2 O-O 6. O-O Qa5 7. b3 d6 8. Bb2 Nbd7 9. Nc3 a6 10. Qc2 Qb6 11. Rad1 cxd4 12. Nxd4 Nc5 13. Ba3 Qc7 14. Rfe1 Rb8 15. Bb2 b6 16. Nf3 Bb7 17. Nd2 Bxg2 18. Kxg2 Qc6+ 19. Nf3 Rfd8 20. e4 Rbc8 21. Qb1 Qb7 22. h3 b5 23. cxb5 axb5 24. e5 dxe5 25. Rxe5 b4 26. Rxd8+ Rxd8 27. Nd1 Nce4 28. Qc2 Bd6 29. Ra5 Bc7 30. Ra4 h6 31. a3 Ng5 32. Qe2 Qxf3+ 33. Qxf3 Nxf3 34. Kxf3 Rxd1 35. Rxb4 Bd6 36. Ra4 Rd3+ 37. Kg2 Rxb3 38. Bxf6 gxf6 39. Ra8+ Kg7 40. a4 Ra3 41. a5 Bb4 42. a6 Bc5 43. Rc8 Ba7 44. Rc6 Ra2 45. h4 Rxf2+ 46. Kh3 Ra2 47. Rd6 Ra3 48. Rc6 f5 49. Rd6 Bb8 50. Rb6 Bxg3 51. Kg2 Bxh4 52. Rc6 f4 53. Rd6 f3+ 54. Kf1 f2 0-1

[Event "Balkan Youth Online-ch 2020"]
[Site "Online"]
[Date "2020.10.31"]
[Round "2.63"]
[White "Gkoutzouki, Aikaterini Argyro"]
[Black "Stankovic, Andrea"]
[Result "1-0"]
[ECO "D02"]
[WhiteElo "1380"]
[BlackElo "1534"]
[Annotator "NA RC"]
[PlyCount "61"]
[EventDate "2020.10.31"]
[EventType "swiss"]
[SourceTitle "playchess.com"]
[Source "ChessBase"]
[SourceQuality "1"]
[TimeControl "5400+30"]

1. d4 e6 2. Nf3 d5 3. g3 c5 4. Bg2 Qb6 5. O-O Nc6 6. c3 cxd4 7. cxd4 Nge7 8. Nc3 Nf5 9. e3 Be7 10. h3 O-O 11. g4 Nh4 12. Nxh4 Bxh4 13. f4 Be7 14. Qe1 Qd8 15. Bd2 b6 16. g5 f6 17. h4 fxg5 18. hxg5 Qe8 19. Qg3 Qg6 20. Qh2 Bb7 21. Rad1 Bd6 22. Qh1 Rad8 23. Bc1 Ne7 24. Bf3 Qe8 25. Rf2 Qf7 26. Rh2 Qf5 27. Qg2 Bc7 28. Bg4 Qf7 29. Qh3 g6 30. Bxe6 Bd6 31. Qxh7# 1-0

[Event "Balkan Youth Online-ch 2020"]
[Site "Online"]
[Date "2020.10.31"]
[Round "2.64"]
[White "Tirpan, Ceren"]
[Black "Pandelescu, Maria-Catalina"]
[Result "1-0"]
[ECO "B56"]
[WhiteElo "1379"]
[BlackElo "1242"]
[Annotator "NA RC"]
[PlyCount "141"]
[EventDate "2020.10.31"]
[EventType "swiss"]
[SourceTitle "playchess.com"]
[Source "ChessBase"]
[SourceQuality "1"]
[TimeControl "5400+30"]

1. e4 c5 2. Nf3 Nc6 3. d4 cxd4 4. Nxd4 g6 5. Nxc6 bxc6 6. Bd3 Bg7 7. O-O Nf6 8. Nc3 O-O 9. Be3 d6 10. h3 c5 11. e5 Nd7 12. exd6 exd6 13. Rb1 Bb7 14. Be4 Rb8 15. Bxb7 Rxb7 16. Qxd6 Qc8 17. Rfd1 c4 18. Nd5 Qd8 19. Ne7+ Kh8 20. Nc6 Qh4 21. c3 Qe4 22. Bd4 f6 23. Na5 Rb5 24. Nxc4 Rd5 25. Qg3 Rg5 26. Nd2 Qd5 27. Qf3 Qxa2 28. Qb7 Qe6 29. Nf3 Rh5 30. Bxa7 Rf7 31. Qc8+ Bf8 32. Re1 Qd6 33. Rbd1 Rd5 34. Bd4 Kg7 35. c4 Rf5 36. Bxf6+ Qxf6 37. Rxd7 Kh6 38. Rxf7 Qxf7 39. Qe6 Qc7 40. b3 Bb4 41. Re5 Rf7 42. Re4 Re7 43. Qg4 Rxe4 44. Qxe4 Qd7 45. Qe3+ Kg7 46. Qd4+ Qxd4 47. Nxd4 Kf6 48. Nc2 Bc5 49. b4 Ba7 50. Kf1 Ke5 51. Ke2 Kd6 52. f4 Bb8 53. Kd3 Kc6 54. Ke4 h6 55. g4 Bd6 56. f5 gxf5+ 57. gxf5 Be7 58. Ke5 Bd6+ 59. Ke6 Bf4 60. f6 h5 61. f7 Bh6 62. Nd4+ Kb6 63. Ke7 Be3 64. f8=Q Bxd4 65. Qb8+ Kc6 66. Qd6+ Kb7 67. Qxd4 Ka8 68. Kd7 h4 69. Kc6 Kb8 70. Qd7 Ka8 71. Qb7# 1-0

[Event "Balkan Youth Online-ch 2020"]
[Site "Online"]
[Date "2020.10.31"]
[Round "2.65"]
[White "Christodoulou, Georgia"]
[Black "Criveanu, Maria"]
[Result "1-0"]
[ECO "C90"]
[WhiteElo "1373"]
[BlackElo "1054"]
[Annotator "NA RC"]
[PlyCount "103"]
[EventDate "2020.10.31"]
[EventType "swiss"]
[SourceTitle "playchess.com"]
[Source "ChessBase"]
[SourceQuality "1"]
[TimeControl "5400+30"]

1. e4 e5 2. Nf3 Nc6 3. Bb5 a6 4. Ba4 Nf6 5. d3 b5 6. Bb3 Be7 7. O-O O-O 8. Re1 d6 9. c3 Na5 10. Bc2 c5 11. Nbd2 Nc6 12. Nf1 Re8 13. h3 Bf8 14. Ng3 g6 15. d4 exd4 16. cxd4 Bg7 17. Be3 c4 18. Bg5 h6 19. Be3 Bb7 20. Qd2 Na5 21. d5 Nd7 22. Rab1 Rc8 23. Bd4 Bxd4 24. Qxd4 b4 25. Qd2 b3 26. axb3 cxb3 27. Bd3 Kh7 28. Qb4 Nc5 29. Qd2 Nxd3 30. Qxd3 Rc2 31. Nd4 Qc7 32. Nxc2 bxc2 33. Rbc1 Rc8 34. Re2 Qb6 35. Rexc2 Nb3 36. Rxc8 Nc5 37. R8xc5 dxc5 38. Qc3 Qd8 39. Qxc5 a5 40. Qc7 Qxc7 41. Rxc7 Ba6 42. Rxf7+ Kg8 43. Ra7 Bb5 44. Rxa5 Bd7 45. d6 Kf7 46. Ra7 Ke6 47. e5 g5 48. b4 h5 49. Nf1 g4 50. Ne3 g3 51. b5 Bxb5 52. Re7# 1-0

[Event "Balkan Youth Online-ch 2020"]
[Site "Online"]
[Date "2020.10.31"]
[Round "2.68"]
[White "Omeri, Eklea"]
[Black "Rasheva, Nora"]
[Result "0-1"]
[ECO "D91"]
[WhiteElo "1070"]
[BlackElo "1588"]
[Annotator "NA RC"]
[PlyCount "68"]
[EventDate "2020.10.31"]
[EventType "swiss"]
[SourceTitle "playchess.com"]
[Source "ChessBase"]
[SourceQuality "1"]
[TimeControl "5400+30"]

1. d4 Nf6 2. Nf3 g6 3. c4 Bg7 4. Nc3 d5 5. Bg5 Ne4 6. cxd5 Nxg5 7. Nxg5 e6 8. Nf3 exd5 9. e3 a5 10. Bd3 O-O 11. O-O c6 12. h3 Re8 13. Re1 f5 14. Bc2 Nd7 15. a4 Bf8 16. Bd3 Bd6 17. Qc2 Nf6 18. Qd1 Ne4 19. Rf1 g5 20. Bxe4 fxe4 21. Nh2 Rf8 22. Ng4 Qe8 23. Re1 h5 24. Nh2 Qg6 25. Qe2 g4 26. hxg4 hxg4 27. g3 Rf7 28. Kg2 Bd7 29. Rh1 Raf8 30. Raf1 Qh5 31. Nd1 Qh3+ 32. Kg1 Rh7 33. Re1 Bxg3 34. fxg3 Qxg3+ 0-1

[Event "Balkan Youth Online-ch 2020"]
[Site "Online"]
[Date "2020.10.31"]
[Round "2.69"]
[White "Arshinkova, Boryana"]
[Black "Vaupot, Eliza"]
[Result "1-0"]
[ECO "B40"]
[WhiteElo "1329"]
[BlackElo "1198"]
[Annotator "NA RC"]
[PlyCount "111"]
[EventDate "2020.10.31"]
[EventType "swiss"]
[SourceTitle "playchess.com"]
[Source "ChessBase"]
[SourceQuality "1"]
[TimeControl "5400+30"]

1. e4 c5 2. Nf3 e6 3. d4 cxd4 4. Nxd4 Qc7 5. Nb5 Qa5+ 6. Bd2 Qb6 7. Be3 Qd8 8. Bf4 a6 9. Nc7+ Ke7 10. Bd6+ Kf6 11. Qf3+ Kg6 12. Qg4+ Qg5 13. Qxg5+ Kxg5 14. Bxf8 Ra7 15. Bc5 b6 16. Bxb6 Rb7 17. Be3+ Kg6 18. Nxa6 Rxb2 19. Nxb8 Rxb8 20. a4 Ra8 21. a5 Ba6 22. Bxa6 Rxa6 23. Nc3 Ne7 24. O-O Rha8 25. Bb6 Nc8 26. Na4 Nxb6 27. Nxb6 R8a7 28. Nc4 Kf6 29. Rfb1 Ke7 30. Rb6 Rxb6 31. Nxb6 Ra6 32. c4 Kd8 33. c5 Kc7 34. Nc4 Kc6 35. Nb6 Ra7 36. Rd1 Rxa5 37. Nxd7 h6 38. Rd6+ Kc7 39. h3 Rxc5 40. Nxc5 Kxd6 41. Nd3 e5 42. f3 Ke6 43. Kf2 f6 44. Kg3 g5 45. Kg4 Kf7 46. Kf5 Kg7 47. Ke6 Kg6 48. Nc5 h5 49. Nd7 g4 50. hxg4 hxg4 51. Nxf6 Kg5 52. Nxg4 Kf4 53. Nxe5 Kg5 54. Nc6 Kf4 55. Kd7 Kg5 56. e5 1-0

[Event "Balkan Youth Online-ch 2020"]
[Site "Online"]
[Date "2020.10.31"]
[Round "2.71"]
[White "Davitkova, Jovana"]
[Black "Baklova, Mila"]
[Result "1/2-1/2"]
[ECO "C68"]
[WhiteElo "1227"]
[BlackElo "1226"]
[Annotator "NA RC"]
[PlyCount "45"]
[EventDate "2020.10.31"]
[EventType "swiss"]
[SourceTitle "playchess.com"]
[Source "ChessBase"]
[SourceQuality "1"]
[TimeControl "5400+30"]

1. e4 e5 2. Nf3 Nc6 3. Bb5 a6 4. Bxc6 dxc6 5. d4 Bg4 6. Be3 Bxf3 7. gxf3 exd4 8. Qxd4 Qd6 9. Nc3 O-O-O 10. O-O-O c5 11. Qd2 Be7 12. Qe2 Qb6 13. Nd5 Qe6 14. Nxe7+ Nxe7 15. a3 Qa2 16. c3 Nc6 17. Bxc5 Na5 18. Be3 b5 19. f4 Nc4 20. Qc2 Na5 21. Qe2 Nc4 22. Qc2 Na5 23. Qe2 1/2-1/2

[Event "Balkan Youth Online-ch 2020"]
[Site "Online"]
[Date "2020.10.31"]
[Round "2.72"]
[White "Spiridon, Anisia"]
[Black "Mosurovic, Milena"]
[Result "1/2-1/2"]
[ECO "D35"]
[WhiteElo "1551"]
[BlackElo "1428"]
[Annotator "NA RC"]
[PlyCount "93"]
[EventDate "2020.10.31"]
[EventType "swiss"]
[SourceTitle "playchess.com"]
[Source "ChessBase"]
[SourceQuality "1"]
[TimeControl "5400+30"]

1. d4 d5 2. c4 e6 3. Nc3 Nf6 4. cxd5 exd5 5. Bg5 Nbd7 6. e3 Be7 7. Bd3 O-O 8. Nge2 Re8 9. O-O h6 10. Bh4 b6 11. Qc2 Bb7 12. f3 c5 13. Bf2 Rc8 14. Rae1 a6 15. Bf5 Bd6 16. Ng3 Qc7 17. Qb1 Re7 18. Re2 Rce8 19. Rfe1 b5 20. dxc5 Bxc5 21. Qd1 Ne5 22. e4 Bxf2+ 23. Rxf2 Qc4 24. exd5 Nxd5 25. Nxd5 Bxd5 26. b3 Qc5 27. Ne4 Bxe4 28. Bxe4 f5 29. Qd5+ Qxd5 30. Bxd5+ Kf8 31. Rfe2 Nd3 32. Rxe7 Rxe7 33. Rxe7 Kxe7 34. Bb7 Nb4 35. a3 Nc2 36. Bxa6 Nxa3 37. Kf2 Kd6 38. Ke2 b4 39. Kd3 Ke5 40. g3 g5 41. Bc4 Nb1 42. Ba6 Nc3 43. Kc4 Na2 44. Bb7 h5 45. Ba8 h4 46. Bb7 hxg3 47. hxg3 1/2-1/2

[Event "Balkan Youth Online-ch 2020"]
[Site "Online"]
[Date "2020.10.31"]
[Round "2.73"]
[White "Mihelic, Vesna"]
[Black "Jovanovic, Anja"]
[Result "1/2-1/2"]
[ECO "C50"]
[WhiteElo "1872"]
[BlackElo "1778"]
[Annotator "NA RC"]
[PlyCount "70"]
[EventDate "2020.10.31"]
[EventType "swiss"]
[SourceTitle "playchess.com"]
[Source "ChessBase"]
[SourceQuality "1"]
[TimeControl "5400+30"]

1. e4 e5 2. Nf3 Nc6 3. Bc4 Bc5 4. d3 Nf6 5. Nc3 d6 6. Be3 Bb6 7. Nd5 h6 8. c3 O-O 9. Nxb6 axb6 10. h3 Be6 11. Bb3 d5 12. exd5 Bxd5 13. Bxd5 Qxd5 14. c4 Qe6 15. O-O Rad8 16. Qe2 Rfe8 17. Rad1 Rd6 18. Rfe1 e4 19. dxe4 Rxd1 20. Rxd1 Qxe4 21. b3 Qf5 22. Nd4 Nxd4 23. Rxd4 Qe5 24. Qf3 Ne4 25. Qg4 c5 26. Rd1 Nf6 27. Qf3 Re7 28. Rd8+ Kh7 29. Qd1 Ne4 30. Rd5 Qf6 31. Qd3 g6 32. a4 Qa1+ 33. Kh2 Qf6 34. Kg1 Qa1+ 35. Qd1 Qf6 1/2-1/2

[Event "Balkan Youth Online-ch 2020"]
[Site "Online"]
[Date "2020.10.31"]
[Round "2.74"]
[White "Tsakona, Maria"]
[Black "Ciftci, Zeynep"]
[Result "0-1"]
[ECO "A37"]
[WhiteElo "1596"]
[BlackElo "1603"]
[Annotator "NA RC"]
[PlyCount "66"]
[EventDate "2020.10.31"]
[EventType "swiss"]
[SourceTitle "playchess.com"]
[Source "ChessBase"]
[SourceQuality "1"]
[TimeControl "5400+30"]

1. Nf3 g6 2. c4 Bg7 3. Nc3 c5 4. g3 Nc6 5. Bg2 e5 6. d3 Nge7 7. O-O O-O 8. Ng5 h6 9. Nge4 d6 10. f4 f5 11. Nf2 Rb8 12. fxe5 dxe5 13. Be3 Nd4 14. Qd2 g5 15. Nfd1 f4 16. Bxd4 cxd4 17. Nd5 Nf5 18. gxf4 gxf4 19. Kh1 Qh4 20. Kg1 Bd7 21. Nf2 Ne3 22. Ne4 Nxf1 23. Rxf1 Bc6 24. Nb4 Bd7 25. Kh1 Kh8 26. Rg1 Rf5 27. Bf3 Rg8 28. Bg4 Rg5 29. Bxd7 Rxg1+ 30. Kxg1 Bf8+ 31. Kh1 Qe7 32. Nd5 Qg7 33. Ng3 fxg3 0-1

[Event "Balkan Youth Online-ch 2020"]
[Site "Online"]
[Date "2020.10.31"]
[Round "2.75"]
[White "Kipik, Feyza"]
[Black "Paroglou, Marianna"]
[Result "1/2-1/2"]
[ECO "C01"]
[WhiteElo "1592"]
[BlackElo "1436"]
[Annotator "NA RC"]
[PlyCount "116"]
[EventDate "2020.10.31"]
[EventType "swiss"]
[SourceTitle "playchess.com"]
[Source "ChessBase"]
[SourceQuality "1"]
[TimeControl "5400+30"]

1. e4 e6 2. d4 d5 3. Nc3 Bb4 4. exd5 exd5 5. Bd3 Ne7 6. Nge2 c5 7. Bb5+ Nbc6 8. dxc5 Bxc5 9. Bxc6+ bxc6 10. Nd4 Ba6 11. Nce2 O-O 12. Be3 Qb6 13. Rb1 Bxe2 14. Kxe2 Bxd4 15. Qxd4 Qxd4 16. Bxd4 Nf5 17. Bc5 Rfe8+ 18. Kd3 a6 19. Rhe1 Re6 20. Rxe6 fxe6 21. Re1 Kf7 22. g4 Ne7 23. Kd4 Ng6 24. Bd6 Rd8 25. Kc5 Nf8 26. Bxf8 Rxf8 27. Kd6 Rd8+ 28. Kc7 Re8 29. c3 a5 30. Kxc6 Rb8 31. Re2 Ke7 32. Kc5 Kd7 33. b3 g6 34. Re3 h5 35. gxh5 gxh5 36. Re5 h4 37. Rh5 Rc8+ 38. Kd4 Kd6 39. Rxh4 e5+ 40. Kd3 Rf8 41. Ke3 Kc5 42. Rh5 Re8 43. h4 a4 44. Rg5 axb3 45. axb3 Rb8 46. Rxe5 Rxb3 47. Kd3 Rb1 48. h5 Rh1 49. c4 Rh3+ 50. Kd2 Kxc4 51. Rf5 Kd4 52. Rf8 Rxh5 53. Rf4+ Ke5 54. Rg4 Rh2 55. Ke3 Rh3+ 56. f3 d4+ 57. Rxd4 Rxf3+ 58. Kxf3 Kxd4 1/2-1/2

[Event "Balkan Youth Online-ch 2020"]
[Site "Online"]
[Date "2020.10.31"]
[Round "2.76"]
[White "Tsekoura, Vaia"]
[Black "Shuqja, Klean"]
[Result "0-1"]
[ECO "C00"]
[WhiteElo "1488"]
[BlackElo "1838"]
[Annotator "NA RC"]
[PlyCount "50"]
[EventDate "2020.10.31"]
[EventType "swiss"]
[SourceTitle "playchess.com"]
[Source "ChessBase"]
[SourceQuality "1"]
[TimeControl "5400+30"]

1. e4 e6 2. f4 d5 3. e5 c5 4. Nf3 Nc6 5. c3 d4 6. Bd3 Nge7 7. O-O Nd5 8. g3 Be7 9. Na3 O-O 10. Nc2 Nb6 11. b3 Nd5 12. Bb2 dxc3 13. dxc3 Qc7 14. Qe2 a6 15. Ne3 Nxe3 16. Qxe3 b6 17. Nd2 c4 18. Bxh7+ Kxh7 19. Qe4+ Kg8 20. Nxc4 Bc5+ 21. Ne3 Bb7 22. Qd3 Ne7 23. b4 Bxe3+ 24. Qxe3 Nf5 25. Qd3 Qc6 0-1

[Event "Balkan Youth Online-ch 2020"]
[Site "Online"]
[Date "2020.10.31"]
[Round "2.77"]
[White "Mitkova, Victoria-Elizabeth"]
[Black "Puia, Alexia-Teodora"]
[Result "0-1"]
[ECO "B44"]
[WhiteElo "1105"]
[BlackElo "1697"]
[Annotator "NA RC"]
[PlyCount "74"]
[EventDate "2020.10.31"]
[EventType "swiss"]
[SourceTitle "playchess.com"]
[Source "ChessBase"]
[SourceQuality "1"]
[TimeControl "5400+30"]

1. e4 c5 2. Nf3 e6 3. d4 cxd4 4. Nxd4 Nc6 5. Nxc6 bxc6 6. Nc3 Qc7 7. Bc4 Nf6 8. Bg5 Be7 9. Qd2 h6 10. Bh4 O-O 11. Bg3 d6 12. O-O-O Rd8 13. f3 Rb8 14. Qe3 Qb7 15. b3 d5 16. exd5 cxd5 17. Be2 Ra8 18. Qf2 Ba3+ 19. Kb1 Bd7 20. Bh4 Be7 21. Bd3 a5 22. Ka1 Qb4 23. Bxf6 Bxf6 24. Kb1 Qxc3 25. Kc1 Qb2+ 26. Kd2 Rdc8 27. a4 Rab8 28. Ke1 e5 29. Kf1 Re8 30. Re1 Rbc8 31. g3 Bh3+ 32. Kg1 e4 33. fxe4 Bd4 34. Re3 Qc1+ 35. Bf1 Bxe3 36. exd5 Bxf2+ 37. Kxf2 Qe3# 0-1

[Event "Balkan Youth Online-ch 2020"]
[Site "Online"]
[Date "2020.10.31"]
[Round "2.78"]
[White "Mandic, Anastasija"]
[Black "Zrmanovska, Mihaela"]
[Result "0-1"]
[ECO "B28"]
[WhiteElo "1130"]
[BlackElo "1300"]
[Annotator "NA RC"]
[PlyCount "74"]
[EventDate "2020.10.31"]
[EventType "swiss"]
[SourceTitle "playchess.com"]
[Source "ChessBase"]
[SourceQuality "1"]
[TimeControl "5400+30"]

1. e4 c5 2. Nf3 a6 3. d4 cxd4 4. Nxd4 Nf6 5. Nc3 e5 6. Nf5 d5 7. Ng3 d4 8. Nce2 Nbd7 9. c3 Qa5 10. Bd2 Nc5 11. Qc2 d3 12. Qb1 dxe2 13. Bxe2 Qa4 14. b3 Qc6 15. Bf3 Bd6 16. O-O O-O 17. Rd1 Bg4 18. Bxg4 Nxg4 19. b4 Na4 20. Qb3 Rac8 21. Rac1 Nb6 22. h3 Nf6 23. Be3 Nc4 24. Nf5 Rfd8 25. Nxd6 Rxd6 26. Bc5 Rxd1+ 27. Rxd1 Qxe4 28. f3 Qf4 29. Re1 b6 30. Be7 Nd5 31. Bd6 Nde3 32. Be7 Qg3 33. Re2 Re8 34. Bd6 Rd8 35. Be7 Rd1+ 36. Qxd1 Nxd1 37. Re4 Nce3 0-1

[Event "Balkan Youth Online-ch 2020"]
[Site "Online"]
[Date "2020.10.31"]
[Round "2.80"]
[White "Lusheska, Elena"]
[Black "Chicarosie, Ioana-Bianca"]
[Result "0-1"]
[ECO "D00"]
[WhiteElo "1086"]
[BlackElo "1521"]
[Annotator "NA RC"]
[PlyCount "66"]
[EventDate "2020.10.31"]
[EventType "swiss"]
[SourceTitle "playchess.com"]
[Source "ChessBase"]
[SourceQuality "1"]
[TimeControl "5400+30"]

1. d4 d5 2. Nc3 Nf6 3. Bf4 e6 4. Nb5 Na6 5. a4 c6 6. Na3 Bd6 7. Bg3 O-O 8. e3 Nc7 9. Bd3 b6 10. c3 Bb7 11. Nf3 c5 12. Be5 a6 13. Nb1 Bxe5 14. Nxe5 c4 15. Bc2 b5 16. Nd2 Qd6 17. Bb1 b4 18. Qc2 g6 19. cxb4 Qxb4 20. Qc3 a5 21. O-O Rfd8 22. Rd1 Nd7 23. Ndf3 f6 24. Nxd7 Rxd7 25. Bc2 Na6 26. Rab1 Rc7 27. Qd2 Rac8 28. Qc3 Bc6 29. Ra1 Rb7 30. Rdb1 Rcb8 31. Ra2 Qxc3 32. bxc3 Rxb1+ 33. Bxb1 Rxb1+ 0-1

[Event "Balkan Youth Online-ch 2020"]
[Site "Online"]
[Date "2020.10.31"]
[Round "2.86"]
[White "Kouta, Antonia"]
[Black "Anghel, Maria"]
[Result "1-0"]
[ECO "B15"]
[WhiteElo "1714"]
[BlackElo "1826"]
[Annotator "NA RC"]
[PlyCount "81"]
[EventDate "2020.10.31"]
[EventType "swiss"]
[SourceTitle "playchess.com"]
[Source "ChessBase"]
[SourceQuality "1"]
[TimeControl "5400+30"]

1. e4 c6 2. d4 d5 3. Nd2 dxe4 4. Nxe4 Nf6 5. Nxf6+ exf6 6. c3 Bd6 7. Nf3 O-O 8. Be2 Bg4 9. O-O Qc7 10. h3 Bh5 11. Nh4 Bg6 12. Bd3 Bh2+ 13. Kh1 Bf4 14. Qf3 Bxc1 15. Raxc1 Bxd3 16. Qxd3 Nd7 17. Rfe1 Qf4 18. g3 Qd6 19. Nf5 Qd5+ 20. Kg1 Qxa2 21. Ra1 Qb3 22. Re7 Rad8 23. Nd6 Qxb2 24. Rxa7 Nb6 25. Nxb7 Ra8 26. Nd6 Rxa7 27. Rxa7 Nd5 28. Nf5 Nxc3 29. Ne7+ Kh8 30. Nxc6 Qc1+ 31. Kg2 Nd5 32. Na5 g6 33. Qb3 Qg5 34. Nc6 Nf4+ 35. Kh2 Ne2 36. Rxf7 Re8 37. Rxh7+ Kxh7 38. Qf7+ Kh6 39. Qxe8 Qb5 40. Qh8+ Kg5 41. Qh4+ 1-0

[Event "Balkan Youth Online-ch 2020"]
[Site "Online"]
[Date "2020.10.31"]
[Round "2.87"]
[White "Ivanovic, Tara"]
[Black "Sural, Ceren"]
[Result "0-1"]
[ECO "B30"]
[WhiteElo "1283"]
[BlackElo "1686"]
[Annotator "NA RC"]
[PlyCount "66"]
[EventDate "2020.10.31"]
[EventType "swiss"]
[SourceTitle "playchess.com"]
[Source "ChessBase"]
[SourceQuality "1"]
[TimeControl "5400+30"]

1. e4 c5 2. Nf3 d6 3. c4 Nc6 4. Nc3 Bg4 5. g3 e6 6. d3 Nd4 7. Bg2 Qf6 8. Bg5 Nxf3+ 9. Kf1 Nxh2+ 10. Rxh2 Bxd1 11. Bxf6 Nxf6 12. Rxd1 Rb8 13. Bf3 Nd7 14. Kg2 Be7 15. Rhh1 a6 16. a4 Bd8 17. d4 Bf6 18. d5 Ke7 19. dxe6 fxe6 20. Rhe1 Bxc3 21. bxc3 Nb6 22. Rd3 Nxc4 23. Rb1 Rhf8 24. Rdd1 Ne5 25. Be2 Nd7 26. Rd2 Nf6 27. f3 d5 28. exd5 exd5 29. Rdb2 Rfd8 30. Bxa6 Ra8 31. Rxb7+ Kf8 32. Bb5 Ne8 33. Rc7 Nxc7 0-1

[Event "Balkan Youth Online-ch 2020"]
[Site "Online"]
[Date "2020.10.31"]
[Round "2.91"]
[White "Shqau, Olta"]
[Black "Kalyva, Kyriaki"]
[Result "0-1"]
[ECO "D45"]
[WhiteElo "1373"]
[BlackElo "1823"]
[Annotator "NA RC"]
[PlyCount "56"]
[EventDate "2020.10.31"]
[EventType "swiss"]
[SourceTitle "playchess.com"]
[Source "ChessBase"]
[SourceQuality "1"]
[TimeControl "5400+30"]

1. d4 d5 2. Nf3 Nf6 3. e3 e6 4. a3 Nbd7 5. c4 c6 6. Nc3 Bd6 7. Be2 O-O 8. O-O Re8 9. h3 a6 10. b4 b5 11. cxb5 cxb5 12. Bb2 Nb6 13. Qb3 Qe7 14. Rfc1 Bb7 15. Na2 Ne4 16. Bd3 Rad8 17. Bxe4 dxe4 18. Nd2 Bd5 19. Qd1 Na4 20. Rcb1 Rc8 21. Nb3 Bb8 22. Nc5 Nxc5 23. dxc5 Red8 24. Qc2 f5 25. Rd1 Bc4 26. Qc3 Bxa2 27. Rxd8+ Rxd8 28. Rxa2 Rd1+ 0-1